Little Stars vs Mulligans

Created - March 26, 2019 at 19:49

Goals
1 2 3 T
Little Stars 2 1 1 4
Mulligans 1 4 4 9
Shots
1 2 3 T
Little Stars 12 15 8 35
Mulligans 13 14 17 44

1st period

1. Mulligans , Anton Lander 31 (Nick Bonino 63) at 5:11
2. Little Stars , Cam Atkinson 53 (Shawn Matthias 27, Brian Flynn 68) at 6:35
3. Little Stars , Brian Flynn 29 (Cam Atkinson 43, Shawn Matthias 28) at 16:40

Penalties :
Scott Kosmachuck (Tex) for Interference (Minor) at 10:51

2nd period

4. Mulligans , Eric Tangradi 34 (Nick Bonino 64, Valeri Nichushkin 5) at 4:21
5. Mulligans , Jonathan Tremblay 23 (Matt Beleskey 29, Michael Sdao 20) at 7:01
6. Mulligans , Valeri Nichushkin 1 (Nick Bonino 65, Eric Tangradi 40) at 7:12
7. Mulligans , Jonathan Tremblay 24 (Matt Beleskey 30, Dalton Thrower 2) at 16:18
8. Little Stars , Brian Flynn 30 (Shawn Matthias 29, Tyson Barrie 38) at 19:03 (PP)

Penalties :
Andrej Sustr (Tex) for Holding (Minor) at 13:33, Drayson Bowman (Rep) for High sticking (Double Minor) at 18:46

3rd period

9. Mulligans , Valeri Nichushkin 2 (Nick Bonino 66, Eric Tangradi 41) at 2:57 (PP)
10. Mulligans , Cody Goloubef 6 (Eric Tangradi 42) at 9:56 (PP)
11. Mulligans , Cody Goloubef 7 (Nick Bonino 67) at 11:53 (PP)
12. Mulligans , Joonas Donskoi 13 (Maxime Macenauer 29, Drayson Bowman 24) at 12:44
13. Little Stars , Cam Atkinson 54 (Shawn Matthias 30, Brian Flynn 69) at 12:58

Penalties :
Jesse Joensuu (Tex) for Holding (Minor) at 2:42, Cam Atkinson (Tex) for Holding (Minor) at 3:16, Stanislav Chistov (Tex) for Cross-checking (Minor) at 9:24, Dana Tyrell (Tex) for Hooking (Minor) at 11:43, Andrej Sustr (Tex) for Holding (Minor) at 17:56

Goalie Stats

Matt Murray (Tex), 35 saves from 44 shots - (0.795), L, 26-14-2, 60:00 minutes
Calvin Pickard (Rep), 31 saves from 35 shots - (0.886), W, 20-14-6, 60:00 minutes

Players Stats for Little Stars

Player Name              G  A  P  +/- PIM S  H  SB GA TA FO     MP     PP MP  PK MP  
------------------------------------------------------------------------------------
Adam Tambellini          0  0  0   0  0   0  0  0  0  0  0/0     8:06   0:00   2:36 
Alexander Vasyunov       0  0  0   0  0   2  0  0  0  0  1/3    12:00   0:00   2:25 
Andrej Sustr             0  0  0   2  4   1  3  0  0  1  0/0    24:50   1:43   2:59 
Brian Flynn              2  2  4  -1  0   5  3  0  0  0  18/34  21:40   1:29   1:28 
Cam Atkinson             2  1  3  -1  2   8  3  1  0  0  1/1    24:56   1:29   3:52 
Dana Tyrell              0  0  0  -2  2   1  3  0  0  0  9/17   15:10   0:47   0:00 
Evgeny Kuznetsov         0  0  0   0  0   5  2  0  0  1  2/8    10:26   0:00   0:51 
Jesse Joensuu            0  0  0  -2  2   5  0  0  1  0  0/2    15:10   0:47   0:00 
Jordie Benn              0  0  0  -3  0   3  2  0  1  1  0/0    18:27   0:33   3:41 
Mathieu Perreault        0  0  0   0  0   0  0  0  0  0  1/1     5:30   0:00   0:00 
Reece Willcox            0  0  0  -2  0   0  2  1  0  0  0/0    16:45   0:00   2:13 
Scott Kosmachuck         0  0  0   0  2   0  0  0  0  1  0/1     6:04   0:00   0:00 
Shawn Matthias           0  4  4  -1  0   3  0  0  1  0  6/14   25:57   1:29   5:06 
Stanislav Chistov        0  0  0  -2  2   2  2  1  0  0  0/1    16:38   0:47   1:28 
Tucker Poolman           0  0  0  -2  0   0  0  1  0  0  0/0    14:24   0:00   0:04 
Tyler Wotherspoon        0  0  0  -3  0   0  1  1  0  0  0/0    18:27   0:33   3:41 
Tyson Barrie             0  1  1   2  0   0  2  2  2  0  0/0    27:09   1:43   5:08 
Zach Budish              0  0  0   0  0   0  1  0  1  0  0/0     9:21   0:00   0:00 

Players Stats for Mulligans

Player Name              G  A  P  +/- PIM S  H  SB GA TA FO     MP     PP MP  PK MP  
------------------------------------------------------------------------------------
Anton Lander             1  0  1   1  0   2  1  0  0  0  14/20  17:26   3:29   0:23 
Cade Fairchild           0  0  0   1  0   0  1  4  0  0  0/0    18:35   3:10   0:46 
Christoph Bertschy       0  0  0   2  0   0  0  0  0  0  0/0     7:51   0:00   0:00 
Cody Goloubef            2  0  2  -2  0   9  3  2  0  1  0/0    29:17   5:43   1:30 
Dalton Thrower           0  1  1   4  0   0  1  0  0  0  0/0    12:08   0:00   0:00 
Darren Dietz             0  0  0   1  0   0  0  1  0  0  0/0    18:35   3:10   0:46 
Drayson Bowman           0  1  1   1  4   0  2  0  0  1  0/0    10:10   0:00   0:00 
Eric Tangradi            1  3  4  -1  0   7  2  2  0  1  2/2    23:15   5:13   0:23 
Jonathan Tremblay        2  0  2   2  0   5  1  0  1  0  0/0    10:04   0:11   1:44 
Joonas Donskoi           1  0  1   1  0   1  2  0  0  0  0/0    10:07   0:08   0:00 
Logan Shaw               0  0  0   1  0   4  3  0  2  0  0/0    16:42   3:29   0:00 
Matt Beleskey            0  2  2   2  0   0  0  0  0  0  0/0     7:51   0:00   0:00 
Maxime Macenauer         0  1  1   1  0   3  2  2  0  0  3/14   12:04   0:11   1:45 
Michael Sdao             0  1  1  -2  0   3  1  4  0  0  0/0    29:17   5:43   1:30 
Nick Bonino              0  5  5  -1  0   5  1  2  1  1  22/42  22:58   5:16   0:15 
Stuart Percy             0  0  0   4  0   0  0  0  0  0  0/0    12:08   0:00   0:00 
Sven Baertschi           0  0  0   1  0   0  1  0  0  1  0/0    16:44   3:29   0:02 
Valeri Nichushkin        2  1  3  -1  0   5  2  0  0  1  3/4    22:31   5:13   0:00 

3 Stars

1 - Jonathan Tremblay (Rep)
2 - Eric Tangradi (Rep)
3 - Valeri Nichushkin (Rep)

Power Play

Little Stars - 1 on 2 Attempt(s) - 50.00%
Mulligans - 3 on 7 Attempt(s) - 42.86%

Penalty Kill

Little Stars - 4 on 7 Attempt(s) - 57.14% - Score 0 goal in Penalty Kill
Mulligans - 1 on 2 Attempt(s) - 50.00% - Score 0 goal in Penalty Kill

Team Stat

Little Stars - Hits : 24 - Faceoff Wins : 38 - Blocked Shots : 7 - Penalty Minutes : 14
Mulligans - Hits : 23 - Faceoff Wins : 44 - Blocked Shots : 17 - Penalty Minutes : 4

Official

Referees : Unknown
Linesman : Unknown

Game Notes

No Game Note

Finance

Level 1 -- Attendance: 1449 (72.45%) -- Ticket Income $36,225
Level 2 -- Attendance: 693 (69.30%) -- Ticket Income $8,316
Total Attendance: 2142 (71.40%)
Total Ticket Income: $44,541
Other Income: $2,227
Total Income: $46,768

Little Stars

5 vs 5 Forward 
   Center                   Left Wing                Right Wing               Time % Phy DF OF 
 1 Brian Flynn              Shawn Matthias           Cam Atkinson             40     1   2  2  
 2 Dana Tyrell              Jesse Joensuu            Stanislav Chistov        30     1   2  2  
 3 Evgeny Kuznetsov         Alexander Vasyunov       Zach Budish              20     1   2  2  
 4 Mathieu Perreault        Adam Tambellini          Scott Kosmachuck         10     1   2  2  

5 vs 5 Defense 
   Defense                  Defense                                           Time % Phy DF OF 
 1 Tyson Barrie             Andrej Sustr                                      40     1   2  2  
 2 Jordie Benn              Tyler Wotherspoon                                 30     1   2  2  
 3 Tucker Poolman           Reece Willcox                                     20     1   2  2  
 4 Tyson Barrie             Andrej Sustr                                      10     1   2  2  

PowerPlay Forward 
   Center                   Left Wing                Right Wing               Time % Phy DF OF 
 1 Brian Flynn              Shawn Matthias           Cam Atkinson             60     0   2  3  
 2 Dana Tyrell              Jesse Joensuu            Stanislav Chistov        40     0   2  3  

PowerPlay Defense
   Defense                  Defense                                           Time % Phy DF OF 
 1 Tyson Barrie             Andrej Sustr                                      60     0   2  3  
 2 Jordie Benn              Tyler Wotherspoon                                 40     0   2  3  

Penalty Kill 4 Players Forward 
   Center                   Wing                     Time % Phy DF OF 
 1 Shawn Matthias           Cam Atkinson             60     0   2  3  
 2 Brian Flynn              Stanislav Chistov        40     0   2  3  

Penalty Kill 4 Players Defense
   Defense                  Defense                  Time % Phy DF OF 
 1 Tyson Barrie             Andrej Sustr             60     0   2  3  
 2 Jordie Benn              Tyler Wotherspoon        40     0   2  3  

Penalty Kill - 3 Players Forward 
   Forward                                           Time % Phy DF OF 
 1 Shawn Matthias                                    60     0   2  3  
 2 Cam Atkinson                                      40     0   2  3  

Penalty Kill - 3 Players Defense
   Defense                  Defense                  Time % Phy DF OF 
 1 Tyson Barrie             Andrej Sustr             60     0   2  3  
 2 Jordie Benn              Tyler Wotherspoon        40     0   2  3  

4 vs 4 Forward 
   Center                   Wing                     Time % Phy DF OF 
 1 Shawn Matthias           Cam Atkinson             60     0   2  3  
 2 Brian Flynn              Stanislav Chistov        40     0   2  3  

4 vs 4 Defense
   Defense                  Defense                  Time % Phy DF OF 
 1 Tyson Barrie             Andrej Sustr             60     0   2  3  
 2 Jordie Benn              Tyler Wotherspoon        40     0   2  3  

Last Minutes Offensive
   Center                   Left Wing                Right Wing               Defense                  Defense                  
   Brian Flynn              Shawn Matthias           Cam Atkinson             Tyson Barrie             Andrej Sustr             

Last Minutes Defensive
   Center                   Left Wing                Right Wing               Defense                  Defense                  
   Brian Flynn              Shawn Matthias           Cam Atkinson             Tyson Barrie             Andrej Sustr             

Goaltenders
Starting : Matt Murray              
Backup : Peter Delmas             

Extra Forwards
Normal : Evgeny Kuznetsov, Mathieu Perreault, Alexander Vasyunov - PP : Evgeny Kuznetsov, Mathieu Perreault - PK : Alexander Vasyunov
Extra Defensemen
Normal : Tucker Poolman, Reece Willcox, Jordie Benn - PP : Tucker Poolman - PK : Reece Willcox, Jordie Benn
Penalty Shots
Shawn Matthias, Cam Atkinson, Brian Flynn, Stanislav Chistov, Dana Tyrell

Scratches
Daniel O'regan (Healthy), Michael Mersch (Healthy), Justin Auger (Healthy), Ville Pokka (Healthy), Jason Dickinson (Healthy)
Emile Poirier (Healthy), Anton Cederholm (Healthy), Spencer Martin (Healthy)

Mulligans

5 vs 5 Forward 
   Center                   Left Wing                Right Wing               Time % Phy DF OF 
 1 Nick Bonino              Eric Tangradi            Valeri Nichushkin        40     0   2  3  
 2 Anton Lander             Sven Baertschi           Logan Shaw               30     0   2  3  
 3 Maxime Macenauer         Drayson Bowman           Joonas Donskoi           20     1   2  2  
 4 Christoph Bertschy       Matt Beleskey            Jonathan Tremblay        10     1   2  2  

5 vs 5 Defense 
   Defense                  Defense                                           Time % Phy DF OF 
 1 Cody Goloubef            Michael Sdao                                      40     1   3  1  
 2 Cade Fairchild           Darren Dietz                                      30     1   3  1  
 3 Dalton Thrower           Stuart Percy                                      20     1   3  1  
 4 Cody Goloubef            Michael Sdao                                      10     1   3  1  

PowerPlay Forward 
   Center                   Left Wing                Right Wing               Time % Phy DF OF 
 1 Nick Bonino              Eric Tangradi            Valeri Nichushkin        60     1   1  3  
 2 Anton Lander             Sven Baertschi           Logan Shaw               40     1   1  3  

PowerPlay Defense
   Defense                  Defense                                           Time % Phy DF OF 
 1 Cody Goloubef            Michael Sdao                                      60     0   2  3  
 2 Cade Fairchild           Darren Dietz                                      40     0   2  3  

Penalty Kill 4 Players Forward 
   Center                   Wing                     Time % Phy DF OF 
 1 Maxime Macenauer         Jonathan Tremblay        60     1   3  1  
 2 Anton Lander             Eric Tangradi            40     1   3  1  

Penalty Kill 4 Players Defense
   Defense                  Defense                  Time % Phy DF OF 
 1 Cody Goloubef            Michael Sdao             60     1   4  0  
 2 Cade Fairchild           Darren Dietz             40     1   4  0  

Penalty Kill - 3 Players Forward 
   Forward                                           Time % Phy DF OF 
 1 Anton Lander                                      60     1   3  1  
 2 Jonathan Tremblay                                 40     1   3  1  

Penalty Kill - 3 Players Defense
   Defense                  Defense                  Time % Phy DF OF 
 1 Cody Goloubef            Michael Sdao             60     1   4  0  
 2 Cade Fairchild           Darren Dietz             40     1   4  0  

4 vs 4 Forward 
   Center                   Wing                     Time % Phy DF OF 
 1 Nick Bonino              Eric Tangradi            60     0   2  3  
 2 Anton Lander             Logan Shaw               40     0   2  3  

4 vs 4 Defense
   Defense                  Defense                  Time % Phy DF OF 
 1 Cody Goloubef            Michael Sdao             60     1   2  2  
 2 Cade Fairchild           Darren Dietz             40     1   2  2  

Last Minutes Offensive
   Center                   Left Wing                Right Wing               Defense                  Defense                  
   Nick Bonino              Eric Tangradi            Jonathan Tremblay        Cody Goloubef            Michael Sdao             

Last Minutes Defensive
   Center                   Left Wing                Right Wing               Defense                  Defense                  
   Anton Lander             Eric Tangradi            Jonathan Tremblay        Cody Goloubef            Michael Sdao             

Goaltenders
Starting : Calvin Pickard           
Backup : Juuse Saros              

Extra Forwards
Normal : Maxime Macenauer, Joonas Donskoi, Christoph Bertschy - PP : Maxime Macenauer, Jonathan Tremblay - PK : Nick Bonino
Extra Defensemen
Normal : Dalton Thrower, Stuart Percy, Cade Fairchild - PP : Dalton Thrower - PK : Stuart Percy, Cade Fairchild
Penalty Shots
Christoph Bertschy, Maxime Macenauer, Eric Tangradi, Anton Lander, Nick Bonino

Scratches
Reid Boucher (Healthy), Ben Hutton (Broken Bone (Left Ankle) Injury), Nick Moutrey (Suspend), John Hayden (Healthy), Jonny Brodzinski (Healthy)
Matt Donovan (Back Spasms Injury), Marek Langhamer (Healthy)

% Time on Ice - Little Stars

Lines # - Real PCT - Wanted PCT - Time Play
Normal Forward
1 - 40% - 40% - 19:36
2 - 29% - 30% - 14:24
3 - 19% - 20% - 9:21
4 - 11% - 10% - 5:30
Normal Defense
1 - 39% - 40% - 19:16
2 - 29% - 30% - 14:13
3 - 25% - 20% - 12:24
4 - 6% - 10% - 2:58
PP Forward
1 - 65% - 60% - 1:29
2 - 35% - 40% - 0:47
PP Defense
1 - 76% - 60% - 1:43
2 - 24% - 40% - 0:33
PK Forward
1 - 79% - 60% - 7:03
2 - 21% - 40% - 1:50
PK Defense
1 - 59% - 60% - 5:12
2 - 41% - 40% - 3:41
PK3 Forward
1 - 0% - 60%
2 - 0% - 40%
PK3 Defense
1 - 0% - 60%
2 - 0% - 40%
44 Forward
1 - 0% - 60%
2 - 0% - 40%
44 Defense
1 - 0% - 60%
2 - 0% - 40%
Last Minute Offensive  - 0:00
Last Minute Defensive  - 0:00
Total
Forward - 60:00
Defense - 60:00

% Time on Ice - Mulligans

Lines # - Real PCT - Wanted PCT - Time Play
Normal Forward
1 - 36% - 40% - 17:36
2 - 28% - 30% - 13:34
3 - 20% - 20% - 9:50
4 - 16% - 10% - 7:51
Normal Defense
1 - 39% - 40% - 19:13
2 - 30% - 30% - 14:39
3 - 25% - 20% - 12:08
4 - 6% - 10% - 2:51
PP Forward
1 - 61% - 60% - 5:24
2 - 39% - 40% - 3:29
PP Defense
1 - 64% - 60% - 5:43
2 - 36% - 40% - 3:10
PK Forward
1 - 83% - 60% - 1:53
2 - 17% - 40% - 0:23
PK Defense
1 - 66% - 60% - 1:30
2 - 34% - 40% - 0:46
PK3 Forward
1 - 0% - 60%
2 - 0% - 40%
PK3 Defense
1 - 0% - 60%
2 - 0% - 40%
44 Forward
1 - 0% - 60%
2 - 0% - 40%
44 Defense
1 - 0% - 60%
2 - 0% - 40%
Last Minute Offensive  - 0:00
Last Minute Defensive  - 0:00
Total
Forward - 60:00
Defense - 60:00

Play-by-Play

1st period


0:01 of 1st period - Nick Bonino wins face-off versus Brian Flynn in neutral zone.
0:13 of 1st period - Slapshot by Eric Tangradi.
0:13 of 1st period - Stopped by Matt Murray with a rebound.
0:35 of 1st period - Slapshot by Cody Goloubef.
0:35 of 1st period - Stopped by Matt Murray with a rebound.
1:35 of 1st period - Slapshot by Brian Flynn.
1:35 of 1st period - Shot Misses the Net.
1:47 of 1st period - Wrist shot by Dana Tyrell.
1:47 of 1st period - Shot Misses the Net.
2:03 of 1st period - Snap shot by Matt Beleskey.
2:03 of 1st period - Shot Blocked by Tucker Poolman.
2:05 of 1st period - Slapshot by Cade Fairchild.
2:05 of 1st period - Deflect By Jonathan Tremblay.
2:05 of 1st period - Shot Misses the Net.
2:05 of 1st period - Puck is out of play.
2:06 of 1st period - Brian Flynn wins face-off versus Nick Bonino in Little Stars zone.
2:33 of 1st period - Dalton Thrower is hit by Zach Budish and loses puck.
2:44 of 1st period - Slapshot by Evgeny Kuznetsov.
2:44 of 1st period - Stopped by Calvin Pickard without a rebound.
2:45 of 1st period - Dana Tyrell wins face-off versus Nick Bonino in Mulligans zone.
2:48 of 1st period - Wrist shot by Stanislav Chistov.
2:48 of 1st period - Deflect By Nick Bonino.
2:48 of 1st period - Shot Blocked by Nick Bonino.
2:48 of 1st period - Puck is out of play.
2:49 of 1st period - Nick Bonino wins face-off versus Dana Tyrell in Mulligans zone.
3:16 of 1st period - Andrej Sustr is hit by Cody Goloubef.
3:30 of 1st period - Slapshot by Tyson Barrie.
3:30 of 1st period - Shot Blocked by Maxime Macenauer.
3:32 of 1st period - Snap shot by Jesse Joensuu.
3:32 of 1st period - Stopped by Calvin Pickard without a rebound.
3:33 of 1st period - Shawn Matthias wins face-off versus Maxime Macenauer in Mulligans zone.
3:36 of 1st period - Slapshot by Shawn Matthias.
3:36 of 1st period - Stopped by Calvin Pickard with a rebound.
3:38 of 1st period - Wrist shot by Cam Atkinson.
3:38 of 1st period - Deflect By Maxime Macenauer.
3:38 of 1st period - Stopped by Calvin Pickard with a rebound.
4:09 of 1st period - Off-side.
4:10 of 1st period - Anton Lander wins face-off versus Scott Kosmachuck in neutral zone.
4:40 of 1st period - Eric Tangradi is hit by Brian Flynn and loses puck.
4:45 of 1st period - Snap shot by Shawn Matthias.
4:45 of 1st period - Deflect By Cam Atkinson.
4:45 of 1st period - Shot Blocked by Eric Tangradi.
4:45 of 1st period - Puck is out of play.
4:46 of 1st period - Brian Flynn wins face-off versus Maxime Macenauer in Mulligans zone.
5:11 of 1st period - Snap shot by Anton Lander.
5:11 of 1st period - Goal by Anton Lander - Little Stars : 0 - Mulligans : 1.
5:12 of 1st period - Nick Bonino wins face-off versus Evgeny Kuznetsov in neutral zone.
5:19 of 1st period - Slapshot by Nick Bonino.
5:19 of 1st period - Shot Misses the Net.
5:26 of 1st period - Off-side.
5:27 of 1st period - Brian Flynn wins face-off versus Anton Lander in neutral zone.
5:34 of 1st period - Michael Sdao is hit by Cam Atkinson and loses puck.
6:02 of 1st period - Cade Fairchild is hit by Stanislav Chistov.
6:19 of 1st period - Wrist shot by Evgeny Kuznetsov.
6:19 of 1st period - Stopped by Calvin Pickard without a rebound.
6:20 of 1st period - Evgeny Kuznetsov wins face-off versus Maxime Macenauer in Mulligans zone.
6:23 of 1st period - Wrist shot by Alexander Vasyunov.
6:23 of 1st period - Stopped by Calvin Pickard without a rebound.
6:24 of 1st period - Brian Flynn wins face-off versus Nick Bonino in Mulligans zone.
6:31 of 1st period - Backhand shot by Cam Atkinson.
6:31 of 1st period - Shot Misses the Net.
6:33 of 1st period - Wrist shot by Brian Flynn.
6:33 of 1st period - Shot Blocked by Michael Sdao.
6:35 of 1st period - Snap shot by Shawn Matthias.
6:35 of 1st period - Deflect By Cam Atkinson.
6:35 of 1st period - Goal by Cam Atkinson - Little Stars : 1 - Mulligans : 1.
6:36 of 1st period - Anton Lander wins face-off versus Dana Tyrell in neutral zone.
6:42 of 1st period - Slapshot by Cody Goloubef.
6:42 of 1st period - Shot Misses the Net.
6:44 of 1st period - Snap shot by Logan Shaw.
6:44 of 1st period - Stopped by Matt Murray without a rebound.
6:45 of 1st period - Dana Tyrell wins face-off versus Anton Lander in Little Stars zone.
6:50 of 1st period - Michael Sdao is hit by Reece Willcox and loses puck.
7:05 of 1st period - Snap shot by Stanislav Chistov.
7:05 of 1st period - Deflect By Logan Shaw.
7:05 of 1st period - Shot Blocked by Michael Sdao.
7:05 of 1st period - Puck is out of play.
7:06 of 1st period - Nick Bonino wins face-off versus Brian Flynn in Mulligans zone.
7:06 of 1st period - Nick Bonino is hit by Andrej Sustr.
7:52 of 1st period - Wrist shot by Drayson Bowman.
7:52 of 1st period - Shot Misses the Net.
8:14 of 1st period - Wrist shot by Jonathan Tremblay.
8:14 of 1st period - Shot Blocked by Stanislav Chistov.
8:34 of 1st period - Off-side.
8:35 of 1st period - Nick Bonino wins face-off versus Evgeny Kuznetsov in neutral zone.
8:46 of 1st period - Snap shot by Eric Tangradi.
8:46 of 1st period - Stopped by Matt Murray with a rebound.
9:06 of 1st period - Wrist shot by Anton Lander.
9:06 of 1st period - Shot Misses the Net.
9:08 of 1st period - Wrist shot by Anton Lander.
9:08 of 1st period - Stopped by Matt Murray with a rebound.
9:10 of 1st period - Slapshot by Cody Goloubef.
9:10 of 1st period - Stopped by Matt Murray without a rebound.
9:11 of 1st period - Dana Tyrell wins face-off versus Nick Bonino in Little Stars zone.
9:16 of 1st period - Darren Dietz is hit by Jordie Benn and loses puck.
9:23 of 1st period - Dana Tyrell is hit by Valeri Nichushkin and loses puck.
9:44 of 1st period - Icing by Drayson Bowman.
9:45 of 1st period - Shawn Matthias wins face-off versus Maxime Macenauer in Mulligans zone.
9:48 of 1st period - Snap shot by Brian Flynn.
9:48 of 1st period - Shot Misses the Net.
10:22 of 1st period - Snap shot by Eric Tangradi.
10:22 of 1st period - Shot Misses the Net.
10:51 of 1st period - Minor Penalty to Scott Kosmachuck for Interference.
10:52 of 1st period - Nick Bonino wins face-off versus Shawn Matthias in Little Stars zone.
11:07 of 1st period - Slapshot by Cody Goloubef.
11:07 of 1st period - Stopped by Matt Murray with a rebound.
12:09 of 1st period - Jordie Benn is hit by Logan Shaw and loses puck.
12:51 of 1st period - Penalty to Scott Kosmachuck is over, Scott Kosmachuck is back on ice.
13:17 of 1st period - Slapshot by Shawn Matthias.
13:17 of 1st period - Shot Misses the Net.
14:20 of 1st period - Icing by Dana Tyrell.
14:21 of 1st period - Mathieu Perreault wins face-off versus Maxime Macenauer in Little Stars zone.
14:21 of 1st period - Mathieu Perreault is hit by Maxime Macenauer.
14:46 of 1st period - Icing by Logan Shaw.
14:47 of 1st period - Anton Lander wins face-off versus Dana Tyrell in Mulligans zone.
14:53 of 1st period - Icing by Jordie Benn.
14:54 of 1st period - Dana Tyrell wins face-off versus Nick Bonino in Little Stars zone.
14:59 of 1st period - Slapshot by Jesse Joensuu.
14:59 of 1st period - Shot Blocked by Eric Tangradi.
15:10 of 1st period - Icing by Michael Sdao.
15:11 of 1st period - Brian Flynn wins face-off versus Nick Bonino in Mulligans zone.
15:18 of 1st period - Slapshot by Cody Goloubef.
15:18 of 1st period - Stopped by Matt Murray with a rebound.
15:28 of 1st period - Slapshot by Eric Tangradi.
15:28 of 1st period - Stopped by Matt Murray with a rebound.
15:30 of 1st period - Wrist shot by Eric Tangradi.
15:30 of 1st period - Deflect By Valeri Nichushkin.
15:30 of 1st period - Shot Misses the Net.
15:30 of 1st period - Puck is out of play.
15:31 of 1st period - Dana Tyrell wins face-off versus Anton Lander in Little Stars zone.
15:31 of 1st period - Dana Tyrell is hit by Sven Baertschi.
15:39 of 1st period - Slapshot by Tyson Barrie.
15:39 of 1st period - Shot Misses the Net.
15:41 of 1st period - Snap shot by Dana Tyrell.
15:41 of 1st period - Stopped by Calvin Pickard without a rebound.
15:42 of 1st period - Nick Bonino wins face-off versus Brian Flynn in Mulligans zone.
16:07 of 1st period - Tyler Wotherspoon is hit by Logan Shaw and loses puck.
16:14 of 1st period - Slapshot by Anton Lander.
16:14 of 1st period - Deflect By Tyler Wotherspoon.
16:14 of 1st period - Shot Misses the Net.
16:14 of 1st period - Puck is out of play.
16:15 of 1st period - Anton Lander wins face-off versus Shawn Matthias in Little Stars zone.
16:18 of 1st period - Snap shot by Anton Lander.
16:18 of 1st period - Shot Misses the Net.
16:28 of 1st period - Snap shot by Shawn Matthias.
16:28 of 1st period - Stopped by Calvin Pickard without a rebound.
16:29 of 1st period - Nick Bonino wins face-off versus Brian Flynn in Mulligans zone.
16:40 of 1st period - Slapshot by Brian Flynn.
16:40 of 1st period - Goal by Brian Flynn - Little Stars : 2 - Mulligans : 1.
16:41 of 1st period - Brian Flynn wins face-off versus Nick Bonino in neutral zone.
16:44 of 1st period - Wrist shot by Shawn Matthias.
16:44 of 1st period - Shot Misses the Net.
17:29 of 1st period - Evgeny Kuznetsov is hit by Maxime Macenauer and loses puck.
18:18 of 1st period - Wrist shot by Cam Atkinson.
18:18 of 1st period - Shot Misses the Net.
18:20 of 1st period - Slapshot by Tucker Poolman.
18:20 of 1st period - Shot Misses the Net.
18:32 of 1st period - Snap shot by Cody Goloubef.
18:32 of 1st period - Shot Misses the Net.
18:34 of 1st period - Slapshot by Michael Sdao.
18:34 of 1st period - Stopped by Matt Murray with a rebound.
18:36 of 1st period - Snap shot by Michael Sdao.
18:36 of 1st period - Stopped by Matt Murray without a rebound.
18:37 of 1st period - Anton Lander wins face-off versus Dana Tyrell in Little Stars zone.
18:38 of 1st period - Snap shot by Logan Shaw.
18:38 of 1st period - Stopped by Matt Murray with a rebound.
18:52 of 1st period - Snap shot by Jesse Joensuu.
18:52 of 1st period - Stopped by Calvin Pickard without a rebound.
18:53 of 1st period - Valeri Nichushkin wins face-off versus Brian Flynn in Mulligans zone.
18:58 of 1st period - Cade Fairchild is hit by Cam Atkinson and loses puck.
19:07 of 1st period - Snap shot by Cam Atkinson.
19:07 of 1st period - Stopped by Calvin Pickard with a rebound.
19:23 of 1st period - Icing by Cade Fairchild.
19:24 of 1st period - Anton Lander wins face-off versus Dana Tyrell in Mulligans zone.
19:37 of 1st period - Off-side.
19:38 of 1st period - Nick Bonino wins face-off versus Brian Flynn in neutral zone.
19:43 of 1st period - Tyson Barrie is hit by Michael Sdao and loses puck.
Goals for this period are 2 for Little Stars vs 1 for Mulligans.
Shots for this period are 12 for Little Stars vs 13 for Mulligans.

2nd period


0:01 of 2nd period - Nick Bonino wins face-off versus Brian Flynn in neutral zone.
0:10 of 2nd period - Wrist shot by Nick Bonino.
0:10 of 2nd period - Stopped by Matt Murray without a rebound.
0:11 of 2nd period - Nick Bonino wins face-off versus Brian Flynn in Little Stars zone.
0:14 of 2nd period - Wrist shot by Nick Bonino.
0:14 of 2nd period - Shot Blocked by Tyler Wotherspoon.
0:51 of 2nd period - Stanislav Chistov is hit by Dalton Thrower and loses puck.
2:04 of 2nd period - Wrist shot by Joonas Donskoi.
2:04 of 2nd period - Shot Blocked by Tyson Barrie.
2:06 of 2nd period - Snap shot by Michael Sdao.
2:06 of 2nd period - Stopped by Matt Murray with a rebound.
2:24 of 2nd period - Snap shot by Jesse Joensuu.
2:24 of 2nd period - Stopped by Calvin Pickard without a rebound.
2:25 of 2nd period - Anton Lander wins face-off versus Dana Tyrell in Mulligans zone.
2:25 of 2nd period - Anton Lander is hit by Stanislav Chistov.
2:47 of 2nd period - Wrist shot by Stanislav Chistov.
2:47 of 2nd period - Shot Blocked by Cade Fairchild.
2:52 of 2nd period - Icing by Darren Dietz.
2:53 of 2nd period - Cam Atkinson wins face-off versus Anton Lander in Mulligans zone.
2:58 of 2nd period - Wrist shot by Brian Flynn.
2:58 of 2nd period - Stopped by Calvin Pickard without a rebound.
2:59 of 2nd period - Nick Bonino wins face-off versus Brian Flynn in Mulligans zone.
3:04 of 2nd period - Slapshot by Cody Goloubef.
3:04 of 2nd period - Stopped by Matt Murray with a rebound.
3:06 of 2nd period - Slapshot by Cody Goloubef.
3:06 of 2nd period - Deflect By Valeri Nichushkin.
3:06 of 2nd period - Stopped by Matt Murray without a rebound.
3:07 of 2nd period - Nick Bonino wins face-off versus Brian Flynn in Little Stars zone.
3:36 of 2nd period - Tyson Barrie is hit by Joonas Donskoi and loses puck.
4:03 of 2nd period - Snap shot by Evgeny Kuznetsov.
4:03 of 2nd period - Stopped by Calvin Pickard with a rebound.
4:05 of 2nd period - Wrist shot by Evgeny Kuznetsov.
4:05 of 2nd period - Stopped by Calvin Pickard with a rebound.
4:07 of 2nd period - Snap shot by Andrej Sustr.
4:07 of 2nd period - Stopped by Calvin Pickard without a rebound.
4:08 of 2nd period - Valeri Nichushkin wins face-off versus Brian Flynn in Mulligans zone.
4:13 of 2nd period - Snap shot by Eric Tangradi.
4:13 of 2nd period - Shot Misses the Net.
4:15 of 2nd period - Snap shot by Valeri Nichushkin.
4:15 of 2nd period - Stopped by Matt Murray with a rebound.
4:17 of 2nd period - Snap shot by Valeri Nichushkin.
4:17 of 2nd period - Shot Misses the Net.
4:21 of 2nd period - Wrist shot by Eric Tangradi.
4:21 of 2nd period - Goal by Eric Tangradi - Little Stars : 2 - Mulligans : 2.
4:22 of 2nd period - Nick Bonino wins face-off versus Brian Flynn in neutral zone.
4:35 of 2nd period - Wrist shot by Cam Atkinson.
4:35 of 2nd period - Stopped by Calvin Pickard without a rebound.
4:36 of 2nd period - Anton Lander wins face-off versus Brian Flynn in Mulligans zone.
5:03 of 2nd period - Stanislav Chistov is hit by Cody Goloubef and loses puck.
5:14 of 2nd period - Jesse Joensuu is hit by Eric Tangradi and loses puck.
5:25 of 2nd period - Maxime Macenauer is hit by Evgeny Kuznetsov and loses puck.
5:38 of 2nd period - Drayson Bowman is hit by Tyson Barrie and loses puck.
5:57 of 2nd period - Slapshot by Jordie Benn.
5:57 of 2nd period - Shot Blocked by Cade Fairchild.
5:59 of 2nd period - Slapshot by Tyler Wotherspoon.
5:59 of 2nd period - Shot Blocked by Cade Fairchild.
6:11 of 2nd period - Shawn Matthias is hit by Logan Shaw and loses puck.
6:18 of 2nd period - Snap shot by Logan Shaw.
6:18 of 2nd period - Shot Misses the Net.
6:20 of 2nd period - Snap shot by Logan Shaw.
6:20 of 2nd period - Stopped by Matt Murray with a rebound.
6:22 of 2nd period - Wrist shot by Sven Baertschi.
6:22 of 2nd period - Shot Misses the Net.
6:36 of 2nd period - Wrist shot by Eric Tangradi.
6:36 of 2nd period - Shot Misses the Net.
6:52 of 2nd period - Tyler Wotherspoon is hit by Jonathan Tremblay and loses puck.
7:01 of 2nd period - Snap shot by Jonathan Tremblay.
7:01 of 2nd period - Goal by Jonathan Tremblay - Little Stars : 2 - Mulligans : 3.
7:02 of 2nd period - Nick Bonino wins face-off versus Brian Flynn in neutral zone.
7:10 of 2nd period - Backhand shot by Nick Bonino.
7:10 of 2nd period - Stopped by Matt Murray with a rebound.
7:12 of 2nd period - Snap shot by Valeri Nichushkin.
7:12 of 2nd period - Goal by Valeri Nichushkin - Little Stars : 2 - Mulligans : 4.
7:13 of 2nd period - Nick Bonino wins face-off versus Brian Flynn in neutral zone.
7:26 of 2nd period - Michael Sdao is hit by Brian Flynn and loses puck.
7:30 of 2nd period - Cody Goloubef is hit by Cam Atkinson and loses puck.
8:04 of 2nd period - Snap shot by Jesse Joensuu.
8:04 of 2nd period - Stopped by Calvin Pickard without a rebound.
8:05 of 2nd period - Dana Tyrell wins face-off versus Nick Bonino in Mulligans zone.
8:06 of 2nd period - Snap shot by Jesse Joensuu.
8:06 of 2nd period - Stopped by Calvin Pickard without a rebound.
8:07 of 2nd period - Nick Bonino wins face-off versus Jesse Joensuu in Mulligans zone.
8:07 of 2nd period - Nick Bonino is hit by Dana Tyrell.
9:24 of 2nd period - Christoph Bertschy is hit by Tyson Barrie and loses puck.
9:35 of 2nd period - Jesse Joensuu is hit by Nick Bonino and loses puck.
10:02 of 2nd period - Off-side.
10:03 of 2nd period - Brian Flynn wins face-off versus Maxime Macenauer in neutral zone.
10:30 of 2nd period - Reece Willcox is hit by Cade Fairchild and loses puck.
10:53 of 2nd period - Jesse Joensuu is hit by Eric Tangradi and loses puck.
11:08 of 2nd period - Michael Sdao is hit by Dana Tyrell and loses puck.
11:40 of 2nd period - Snap shot by Mathieu Perreault.
11:40 of 2nd period - Shot Blocked by Cade Fairchild.
12:22 of 2nd period - Wrist shot by Brian Flynn.
12:22 of 2nd period - Stopped by Calvin Pickard with a rebound.
12:24 of 2nd period - Snap shot by Cam Atkinson.
12:24 of 2nd period - Shot Misses the Net.
12:26 of 2nd period - Snap shot by Jordie Benn.
12:26 of 2nd period - Stopped by Calvin Pickard without a rebound.
12:27 of 2nd period - Anton Lander wins face-off versus Evgeny Kuznetsov in Mulligans zone.
12:36 of 2nd period - Wrist shot by Logan Shaw.
12:36 of 2nd period - Stopped by Matt Murray without a rebound.
12:37 of 2nd period - Anton Lander wins face-off versus Alexander Vasyunov in Little Stars zone.
12:48 of 2nd period - Snap shot by Evgeny Kuznetsov.
12:48 of 2nd period - Deflect By Alexander Vasyunov.
12:48 of 2nd period - Shot Blocked by Cody Goloubef.
12:48 of 2nd period - Puck is out of play.
12:49 of 2nd period - Brian Flynn wins face-off versus Nick Bonino in Mulligans zone.
13:06 of 2nd period - Nick Bonino is hit by Brian Flynn and loses puck.
13:33 of 2nd period - Minor Penalty to Andrej Sustr for Holding.
13:34 of 2nd period - Valeri Nichushkin wins face-off versus Shawn Matthias in Little Stars zone.
13:43 of 2nd period - Slapshot by Eric Tangradi.
13:43 of 2nd period - Shot Misses the Net.
13:45 of 2nd period - Wrist shot by Valeri Nichushkin.
13:45 of 2nd period - Stopped by Matt Murray without a rebound.
13:46 of 2nd period - Shawn Matthias wins face-off versus Nick Bonino in Little Stars zone.
13:55 of 2nd period - Slapshot by Nick Bonino.
13:55 of 2nd period - Shot Blocked by Cam Atkinson.
15:33 of 2nd period - Penalty to Andrej Sustr is over, Andrej Sustr is back on ice.
15:44 of 2nd period - Wrist shot by Dana Tyrell.
15:44 of 2nd period - Deflect By Jesse Joensuu.
15:44 of 2nd period - Shot Blocked by Michael Sdao.
15:44 of 2nd period - Puck is out of play.
15:45 of 2nd period - Maxime Macenauer wins face-off versus Evgeny Kuznetsov in Mulligans zone.
16:18 of 2nd period - Snap shot by Jonathan Tremblay.
16:18 of 2nd period - Goal by Jonathan Tremblay - Little Stars : 2 - Mulligans : 5.
16:19 of 2nd period - Brian Flynn wins face-off versus Valeri Nichushkin in neutral zone.
16:57 of 2nd period - Slapshot by Alexander Vasyunov.
16:57 of 2nd period - Stopped by Calvin Pickard without a rebound.
16:58 of 2nd period - Anton Lander wins face-off versus Dana Tyrell in Mulligans zone.
17:09 of 2nd period - Snap shot by Logan Shaw.
17:09 of 2nd period - Shot Misses the Net.
17:46 of 2nd period - Jordie Benn is hit by Joonas Donskoi and loses puck.
18:07 of 2nd period - Wrist shot by Jonathan Tremblay.
18:07 of 2nd period - Stopped by Matt Murray with a rebound.
18:31 of 2nd period - Snap shot by Cam Atkinson.
18:31 of 2nd period - Stopped by Calvin Pickard with a rebound.
18:33 of 2nd period - Slapshot by Jordie Benn.
18:33 of 2nd period - Stopped by Calvin Pickard with a rebound.
18:35 of 2nd period - Wrist shot by Jesse Joensuu.
18:35 of 2nd period - Shot Misses the Net.
18:37 of 2nd period - Snap shot by Jordie Benn.
18:37 of 2nd period - Shot Blocked by Darren Dietz.
18:39 of 2nd period - Snap shot by Stanislav Chistov.
18:39 of 2nd period - Stopped by Calvin Pickard without a rebound.
18:40 of 2nd period - Evgeny Kuznetsov wins face-off versus Maxime Macenauer in Mulligans zone.
18:46 of 2nd period - Double Minor Penalty to Drayson Bowman for High sticking.
18:47 of 2nd period - Brian Flynn wins face-off versus Maxime Macenauer in Mulligans zone.
18:53 of 2nd period - Wrist shot by Shawn Matthias.
18:53 of 2nd period - Shot Misses the Net.
18:55 of 2nd period - Backhand shot by Brian Flynn.
18:55 of 2nd period - Shot Blocked by Maxime Macenauer.
18:57 of 2nd period - Slapshot by Tyson Barrie.
18:57 of 2nd period - Shot Blocked by Michael Sdao.
18:59 of 2nd period - Snap shot by Shawn Matthias.
18:59 of 2nd period - Shot Misses the Net.
19:01 of 2nd period - Snap shot by Shawn Matthias.
19:01 of 2nd period - Shot Misses the Net.
19:03 of 2nd period - Snap shot by Brian Flynn.
19:03 of 2nd period - Goal by Brian Flynn - Little Stars : 3 - Mulligans : 5.
19:04 of 2nd period - Brian Flynn wins face-off versus Maxime Macenauer in neutral zone.
19:06 of 2nd period - Off-side.
19:07 of 2nd period - Maxime Macenauer wins face-off versus Brian Flynn in neutral zone.
Goals for this period are 1 for Little Stars vs 4 for Mulligans.
Shots for this period are 15 for Little Stars vs 14 for Mulligans.

3rd period


0:01 of 3rd period - Maxime Macenauer wins face-off versus Shawn Matthias in neutral zone.
1:03 of 3rd period - Penalty to Drayson Bowman is over, Drayson Bowman is back on ice.
1:05 of 3rd period - Slapshot by Eric Tangradi.
1:05 of 3rd period - Shot Misses the Net.
1:15 of 3rd period - Wrist shot by Eric Tangradi.
1:15 of 3rd period - Stopped by Matt Murray with a rebound.
1:29 of 3rd period - Wrist shot by Zach Budish.
1:29 of 3rd period - Shot Misses the Net.
1:31 of 3rd period - Snap shot by Evgeny Kuznetsov.
1:31 of 3rd period - Stopped by Calvin Pickard without a rebound.
1:32 of 3rd period - Anton Lander wins face-off versus Evgeny Kuznetsov in Mulligans zone.
2:42 of 3rd period - Minor Penalty to Jesse Joensuu for Holding.
2:43 of 3rd period - Shawn Matthias wins face-off versus Nick Bonino in Little Stars zone.
2:51 of 3rd period - Wrist shot by Eric Tangradi.
2:51 of 3rd period - Stopped by Matt Murray without a rebound.
2:52 of 3rd period - Nick Bonino wins face-off versus Shawn Matthias in Little Stars zone.
2:55 of 3rd period - Slapshot by Nick Bonino.
2:55 of 3rd period - Shot Misses the Net.
2:57 of 3rd period - Snap shot by Valeri Nichushkin.
2:57 of 3rd period - Goal by Valeri Nichushkin - Little Stars : 3 - Mulligans : 6.
2:58 of 3rd period - Brian Flynn wins face-off versus Nick Bonino in neutral zone.
3:16 of 3rd period - Minor Penalty to Cam Atkinson for Holding.
3:17 of 3rd period - Eric Tangradi wins face-off versus Shawn Matthias in Little Stars zone.
3:22 of 3rd period - Snap shot by Eric Tangradi.
3:22 of 3rd period - Stopped by Matt Murray without a rebound.
3:23 of 3rd period - Nick Bonino wins face-off versus Shawn Matthias in Little Stars zone.
4:11 of 3rd period - Off-side.
4:12 of 3rd period - Nick Bonino wins face-off versus Evgeny Kuznetsov in neutral zone.
5:16 of 3rd period - Penalty to Cam Atkinson is over, Cam Atkinson is back on ice.
5:18 of 3rd period - Eric Tangradi is hit by Andrej Sustr and loses puck.
5:32 of 3rd period - Icing by Tyson Barrie.
5:33 of 3rd period - Dana Tyrell wins face-off versus Maxime Macenauer in Little Stars zone.
5:33 of 3rd period - Dana Tyrell is hit by Drayson Bowman.
5:39 of 3rd period - Maxime Macenauer is hit by Andrej Sustr and loses puck.
5:46 of 3rd period - Slapshot by Joonas Donskoi.
5:46 of 3rd period - Shot Misses the Net.
5:48 of 3rd period - Slapshot by Stuart Percy.
5:48 of 3rd period - Shot Misses the Net.
7:01 of 3rd period - Shawn Matthias is hit by Cody Goloubef and loses puck.
7:06 of 3rd period - Snap shot by Maxime Macenauer.
7:06 of 3rd period - Deflect By Cam Atkinson.
7:06 of 3rd period - Stopped by Matt Murray without a rebound.
7:07 of 3rd period - Anton Lander wins face-off versus Jesse Joensuu in Little Stars zone.
7:14 of 3rd period - Snap shot by Anton Lander.
7:14 of 3rd period - Shot Misses the Net.
8:39 of 3rd period - Wrist shot by Cam Atkinson.
8:39 of 3rd period - Stopped by Calvin Pickard with a rebound.
9:07 of 3rd period - Wrist shot by Christoph Bertschy.
9:07 of 3rd period - Shot Blocked by Reece Willcox.
9:09 of 3rd period - Wrist shot by Jonathan Tremblay.
9:09 of 3rd period - Stopped by Matt Murray with a rebound.
9:11 of 3rd period - Wrist shot by Cody Goloubef.
9:11 of 3rd period - Stopped by Matt Murray without a rebound.
9:12 of 3rd period - Dana Tyrell wins face-off versus Nick Bonino in Little Stars zone.
9:24 of 3rd period - Minor Penalty to Stanislav Chistov for Cross-checking.
9:25 of 3rd period - Nick Bonino wins face-off versus Alexander Vasyunov in Little Stars zone.
9:25 of 3rd period - Snap shot by Eric Tangradi.
9:25 of 3rd period - Shot Misses the Net.
9:27 of 3rd period - Snap shot by Nick Bonino.
9:27 of 3rd period - Stopped by Matt Murray with a rebound.
9:29 of 3rd period - Snap shot by Eric Tangradi.
9:29 of 3rd period - Shot Blocked by Tyson Barrie.
9:31 of 3rd period - Slapshot by Cody Goloubef.
9:31 of 3rd period - Stopped by Matt Murray without a rebound.
9:32 of 3rd period - Alexander Vasyunov wins face-off versus Nick Bonino in Little Stars zone.
9:39 of 3rd period - Alexander Vasyunov is hit by Valeri Nichushkin and loses puck.
9:44 of 3rd period - Wrist shot by Nick Bonino.
9:44 of 3rd period - Stopped by Matt Murray with a rebound.
9:46 of 3rd period - Slapshot by Nick Bonino.
9:46 of 3rd period - Stopped by Matt Murray without a rebound.
9:47 of 3rd period - Shawn Matthias wins face-off versus Nick Bonino in Little Stars zone.
9:56 of 3rd period - Snap shot by Cody Goloubef.
9:56 of 3rd period - Goal by Cody Goloubef - Little Stars : 3 - Mulligans : 7.
9:57 of 3rd period - Eric Tangradi wins face-off versus Dana Tyrell in neutral zone.
10:22 of 3rd period - Tyson Barrie is hit by Drayson Bowman and loses puck.
11:12 of 3rd period - Stuart Percy is hit by Tyler Wotherspoon and loses puck.
11:31 of 3rd period - Wrist shot by Dana Tyrell.
11:31 of 3rd period - Deflect By Stanislav Chistov.
11:31 of 3rd period - Stopped by Calvin Pickard with a rebound.
11:43 of 3rd period - Minor Penalty to Dana Tyrell for Hooking.
11:44 of 3rd period - Shawn Matthias wins face-off versus Nick Bonino in Little Stars zone.
11:53 of 3rd period - Slapshot by Cody Goloubef.
11:53 of 3rd period - Goal by Cody Goloubef - Little Stars : 3 - Mulligans : 8.
11:54 of 3rd period - Brian Flynn wins face-off versus Nick Bonino in neutral zone.
12:20 of 3rd period - Dana Tyrell is hit by Anton Lander.
12:28 of 3rd period - Snap shot by Anton Lander.
12:28 of 3rd period - Shot Misses the Net.
12:30 of 3rd period - Slapshot by Darren Dietz.
12:30 of 3rd period - Deflect By Sven Baertschi.
12:30 of 3rd period - Shot Hit the Post.
12:30 of 3rd period - Puck is out of play.
12:31 of 3rd period - Brian Flynn wins face-off versus Maxime Macenauer in Little Stars zone.
12:42 of 3rd period - Wrist shot by Maxime Macenauer.
12:42 of 3rd period - Stopped by Matt Murray with a rebound.
12:44 of 3rd period - Wrist shot by Joonas Donskoi.
12:44 of 3rd period - Goal by Joonas Donskoi - Little Stars : 3 - Mulligans : 9.
12:45 of 3rd period - Brian Flynn wins face-off versus Nick Bonino in neutral zone.
12:58 of 3rd period - Snap shot by Cam Atkinson.
12:58 of 3rd period - Goal by Cam Atkinson - Little Stars : 4 - Mulligans : 9.
12:59 of 3rd period - Brian Flynn wins face-off versus Nick Bonino in neutral zone.
13:06 of 3rd period - Snap shot by Brian Flynn.
13:06 of 3rd period - Stopped by Calvin Pickard with a rebound.
13:08 of 3rd period - Slapshot by Andrej Sustr.
13:08 of 3rd period - Deflect By Cam Atkinson.
13:08 of 3rd period - Shot Blocked by Cody Goloubef.
13:08 of 3rd period - Puck is out of play.
13:09 of 3rd period - Brian Flynn wins face-off versus Nick Bonino in Mulligans zone.
13:10 of 3rd period - Wrist shot by Cam Atkinson.
13:10 of 3rd period - Shot Blocked by Nick Bonino.
13:30 of 3rd period - Wrist shot by Cam Atkinson.
13:30 of 3rd period - Stopped by Calvin Pickard with a rebound.
13:32 of 3rd period - Slapshot by Tyson Barrie.
13:32 of 3rd period - Deflect By Brian Flynn.
13:32 of 3rd period - Shot Misses the Net.
13:32 of 3rd period - Puck is out of play.
13:33 of 3rd period - Dana Tyrell wins face-off versus Anton Lander in Mulligans zone.
14:46 of 3rd period - Snap shot by Jonathan Tremblay.
14:46 of 3rd period - Stopped by Matt Murray without a rebound.
14:47 of 3rd period - Anton Lander wins face-off versus Stanislav Chistov in Little Stars zone.
15:33 of 3rd period - Cody Goloubef is hit by Evgeny Kuznetsov and loses puck.
16:14 of 3rd period - Snap shot by Shawn Matthias.
16:14 of 3rd period - Stopped by Calvin Pickard with a rebound.
16:32 of 3rd period - Valeri Nichushkin is hit by Dana Tyrell and loses puck.
16:51 of 3rd period - Dalton Thrower is hit by Jordie Benn and loses puck.
17:19 of 3rd period - Wrist shot by Maxime Macenauer.
17:19 of 3rd period - Stopped by Matt Murray with a rebound.
17:56 of 3rd period - Minor Penalty to Andrej Sustr for Holding.
17:57 of 3rd period - Nick Bonino wins face-off versus Shawn Matthias in Little Stars zone.
18:09 of 3rd period - Slapshot by Eric Tangradi.
18:09 of 3rd period - Shot Misses the Net.
18:49 of 3rd period - Slapshot by Jordie Benn.
18:49 of 3rd period - Deflect By Anton Lander.
18:49 of 3rd period - Stopped by Calvin Pickard without a rebound.
18:50 of 3rd period - Brian Flynn wins face-off versus Anton Lander in Mulligans zone.
19:13 of 3rd period - Valeri Nichushkin is hit by Reece Willcox and loses puck.
19:56 of 3rd period - Penalty to Andrej Sustr is over, Andrej Sustr is back on ice.
Goals for this period are 1 for Little Stars vs 4 for Mulligans.
Shots for this period are 8 for Little Stars vs 17 for Mulligans.